cohdb
Replays
Latest Replays
All Replays
Popular Replays
Top Player Replays
Match Explorer
How It Works
Community
CoH3 Stats
Reddit
Sign in to upload your games and track your stats! →
Sign in with Steam
Match 44468140
Unlisted
Match 44468140
Overview
Messages
Build Orders
End
Construct Weapon Support Center
Selects Special Operations Battlegroup
Selects M29 Weasel Recon Vehicle
M29 Weasel Recon Vehicle
M1919 Machine Gun Team
Bazooka Squad
Engineer Squad
M1919 Machine Gun Team
Bazooka Squad
Air Support Center
Selects Raiding Flares
Engineer Squad
P-47 Strafing Run
Selects SSF Commando Squad
Grasshopper Recon Run
SSF Commando Squad
P-47 Dive Bomb
P-47 Strafing Run
P-47 Dive Bomb
Construct Tank Depot
Grasshopper Recon Run
Selects Mark Vehicle
Selects UNKNOWN (2162291)
M4A1 Sherman Medium Tank
Construct Medical Station
P-47 Strafing Run
M4A1 Sherman Medium Tank
Improved Aircraft Armor
Selects Assault Operation
Advanced Air Reconnaissance
P-47 Strafing Run
Grasshopper High-Altitude Recon Run
Improved M9 Bazooka Rockets
Double Sortie
P-47 Dive Bomb
Grasshopper High-Altitude Recon Run
P-47 Strafing Run
Mr.28M
Exf
akik_ele
Gravey
PatriceLumumba400
待风的苍鹰Bili7007731
Arch3r
Shiznit
0
0
Comments
sign in to comment!
No comments posted yet!